 Dungeon Crawl Stone Soup version 0.20-a0-540-ge6d1839 (webtiles) character file.

107237 polly the Bludgeoner (level 16, -3/104 HPs)
             Began as a Gargoyle Fighter on Jan 29, 2017.
             Was the Champion of Okawaru.
             Slain by an orc warrior
             ... wielding a +0 long sword
              (15 damage)
             ... while paralysed by an orc sorcerer
             ... on level 2 of the Orcish Mines.
             The game lasted 01:07:19 (26204 turns).

polly the Bludgeoner (Gargoyle Fighter)            Turns: 26204, Time: 01:07:19

Health: -3/104     AC: 47    Str: 34    XL:     16   Next: 46%
Magic:  16/16      EV:  2    Int: 11    God:    Okawaru [******]
Gold:   1560       SH:  0    Dex: 11    Spells: 10/15 levels left

rFire    . . .     SeeInvis +   n - +9 eveningstar (protect)
rCold    + . .     Gourm    .   X - +2 plate armour {rC+}
rNeg     + . .     Faith    .   Z - +2 large shield {rPois}
rPois    ∞         Spirit   .   Q - +1 helmet "Maufare" {rPois SInv}
rElec    +         Reflect  +   C - +1 cloak "Rinacw" {Str+4}
rCorr    .         Harm     .   v - +0 pair of gloves
MR       +....                  t - +0 pair of boots
Stlth    ..........             y - +5 amulet of reflection
Regen    0.3/turn               b - ring "Lirch" {+Blink AC+4 Str+5}
                                a - +2 ring of dexterity

@: paralysed, protection aura
A: big wings, negative energy resistance 1, electricity resistance, unbreathing,
petrification resistance, rot immunity, AC +11
a: Fly, Heroism, Finesse, Renounce Religion, Evoke Blink


You were on level 2 of the Orcish Mines.
You worshipped Okawaru.
Okawaru was exalted by your worship.
You were not hungry.

You visited 4 branches of the dungeon, and saw 24 of its levels.
You also visited: Labyrinth, Ossuary and Ice Cave.

You collected 2815 gold pieces.
You spent 1255 gold pieces at shops.

Inventory:

Hand Weapons
 n - a +9 eveningstar of protection (weapon)
Armour
 t - a +0 pair of boots (worn)
 v - a +0 pair of gloves (worn)
 C - the +1 cloak "Rinacw" (worn) {Str+4}
   (You found it on level 7 of the Dungeon)

   It affects your strength (+4).
 Q - the +1 helmet "Maufare" (worn) {rPois SInv}
   (You found it in a labyrinth)

   It protects you from poison.
   It lets you see invisible.
 X - a +2 plate armour of cold resistance (worn)
 Z - a +2 large shield of poison resistance (worn)
Jewellery
 a - a +2 ring of dexterity (left hand)
 b - the ring "Lirch" (right hand) {+Blink AC+4 Str+5}
   (You bought it in a shop on level 10 of the Dungeon)

   [ring of protection]

   It affects your AC (+4).
   It affects your strength (+5).
   It lets you blink.
 i - an uncursed amulet of regeneration
 o - an uncursed ring of protection from cold
 y - a +5 amulet of reflection (around neck)
 V - an uncursed ring of protection from magic
Wands
 e - a wand of disintegration (16/24)
 G - a wand of digging (12/24)
Scrolls
 g - 7 scrolls of enchant armour
 j - 6 scrolls of magic mapping
 k - 6 scrolls of remove curse
 l - 2 scrolls of enchant weapon
 m - 2 scrolls of fear
 p - 6 scrolls of recharging
 q - 5 scrolls of teleportation
 r - a scroll of vulnerability
 u - 5 scrolls of fog
 z - a scroll of summoning
 D - a scroll of silence
 E - 3 scrolls of immolation
 N - 3 scrolls of blinking
 S - a scroll of acquirement
Potions
 c - 2 potions of brilliance
 d - 3 potions of curing
 A - 2 potions of haste
 B - 2 potions of ambrosia
 H - 5 potions of mutation
 I - a potion of cure mutation {unknown}
 J - a potion of beneficial mutation
 K - 5 potions of agility
 L - 3 potions of heal wounds
 M - 2 potions of magic
 P - a potion of invisibility
 R - a potion of resistance {unknown}
 T - 2 potions of might
Miscellaneous
 h - a fan of gales
Comestibles
 f - 19 bread rations
 s - 21 fruits
 w - 11 chunks of flesh
 x - 8 royal jellies
 O - 15 meat rations


   Skills:
 + Level 13.1 Fighting
 + Level 17.3 Maces & Flails
 + Level 11.0 Armour
 + Level 4.8 Dodging
 - Level 1.3 Stealth
 + Level 16.9 Shields


You had 10 spell levels left.
You knew the following spells:

 Your Spells              Type           Power        Failure   Level  Hunger
a - Ozocubu's Armour      Chrm/Ice       #.......     100%        3    ####...
b - Repel Missiles        Chrm/Air       #.....       100%        2    ###....


Dungeon Overview and Level Annotations

Branches:
Dungeon (15/15)            Temple (1/1) D:4            Lair (6/6) D:11
 Shoals (0/4) Lair:4        Snake (0/4) Lair:4        Slime (0/5) Lair:6
    Orc (2/2) D:10            Elf (0/3) Orc:2        Vaults (0/5) D:13
 Depths (0/5) D:15

Altars:
Ashenzari
Cheibriados
Dithmenos
Elyvilon
Fedhas
Gozag
Hepliaklqana
Kikubaaqudgha
Makhleb
Nemelex Xobeh
Okawaru
Qazlal
Ru
Sif Muna
Trog
Uskayaw
Vehumet
Xom
Yredelemnul
Zin
The Shining One

Shops:
D:7 }   D:9 (   D:10 !}(*   Orc:1 :**}   Orc:2 *


Innate Abilities, Weirdness & Mutations

You are resistant to torment.
Your stone body is resilient. (AC +11)
You are immune to poison.
Your large and strong wings let you fly indefinitely.
You resist negative energy. (rN+)
You are resistant to electric shocks. (rElec)
You can survive without breathing.
You are immune to petrification.
You are immune to rotting.


Message History

The orc high priest hits you but does no damage.
The orc sorcerer hits you but does no damage.
The orc wizard hits you but does no damage.
The orc warrior hits you with a long sword!!
The orc warrior hits you with a war axe!
The orc priest hits you with a short sword.
The orc warrior hits you from afar with a glaive!!
* * * LOW HITPOINT WARNING * * *
The orc barely misses you.
The orc wizard hits you but does no damage.
The orc priest hits you but does no damage.
The orc hits you but does no damage.
The orc priest looks braver for a moment.
The orc sorcerer hits you with a dagger.
* * * LOW HITPOINT WARNING * * *
The orc high priest hits you but does no damage.
The soul eater draws from the surrounding life force!
* * * LOW HITPOINT WARNING * * *
The orc warrior hits you with a long sword!
You die...

............
#.................. ####
#..................
.....#..................
o....#...............♣..
..o3oo..................
....oooo............♣∩♣.
.o.oooooo$..............
.ooo4oo@oo...........♣..
..3oooooo...............
..ooo#3o................
o..o #..................
### #..................
#..................
#..................
#..................
#..................


You could see an orc warlord, 3 orc knights, a soul eater, 3 orc high priests, a
neqoxec, a ynoxinul, 2 orc sorcerers, a red devil, 8 orc warriors, 3 orc
priests, 4 orc wizards and 10 orcs.

Vanquished Creatures
  A storm dragon (D:13)
  A frost giant (IceCv)
  An orc warlord (Orc:1)
  Nessos (Lair:6)
  A dire elephant (Lair:6)
  Snorg (Orc:1)
  A minotaur (Lab)
  Josephine (Orc:1)
  An ettin (Orc:2)
  Harold (Lair:2)
  The ghost of GenericOverusedName the Grappler, a journeyman DrTm of Uskayaw (D:10)
  Fannar (Lair:2)
  4 vault guards (D:14)
  6 hydras
  2 catoblepae
  4 centaur warriors
  6 two-headed ogres
  A deep troll shaman (Lair:6)
  A tengu warrior (D:13)
  11 death yaks
  Urug (D:11)
  4 skeletal warriors (D:14)
  A sea snake (shapeshifter) (D:13)
  2 flayed ghosts (D:13)
  5 unseen horrors
  4 orc knights
  A lindwurm (Lair:4)
  3 oklob plants (Lair:6)
  9 ugly things
  2 deep elf magi
  A wolf spider (D:13)
  5 orc sorcerers
  6 cyclopes
  A manticore (D:13)
  8 slime creatures
  8 elephants
  A torpor snail (Lair:4)
  2 black mambas
  An ice statue (IceCv)
  8 spiny frogs
  3 gargoyles
  A kobold demonologist (D:12)
  3 rime drakes
  2 efreet
  9 komodo dragons
  A rime drake (shapeshifter) (D:15)
  2 tengu conjurers (D:13)
  17 polar bears
  4 meliai
  6 trolls
  A hornet (D:15)
  A polar bear (shapeshifter) (D:15)
  2 minotaur skeletons (Lab)
  A hornet (shapeshifter) (D:14)
  13 blink frogs
  5 dream sheep (Lair:2)
  3 hippogriffs
  A centaur simulacrum (D:12)
  A vampire (D:13)
  2 shadows (D:12)
  4 wyverns
  4 basilisks
  6 wraiths
  50 yaks
  A steam dragon (Lair:2)
  A golden eye (shapeshifter) (D:15)
  5 hungry ghosts
  A basilisk (shapeshifter) (D:11)
  8 vampire mosquitoes
  Menkaure (D:7)
  3 wargs (Orc:1)
  3 acid dragons
  The ghost of polly the Shield-Bearer, an amateur GrFi (D:3)
  Edmund (D:6)
  A swamp worm (shapeshifter) (D:15)
  10 water moccasins
  2 nagas (Lair:4)
  6 porcupines
  22 orc warriors
  3 black bears
  2 sky beasts
  A necrophage (D:10)
  3 boggarts (D:15)
  13 ice beasts
  6 ogres
  4 phantoms
  26 wolves
  9 centaurs
  2 eyes of draining (D:15)
  10 crocodiles
  A gnoll sergeant (D:8)
  16 bullfrogs
  An earth elemental (Lab)
  A wyvern skeleton (D:13)
  4 scorpions
  12 killer bees (D:8)
  8 wights
  3 howler monkeys (D:12)
  2 troll skeletons (Lab)
  2 electric eels
  2 centaur zombies
  9 crimson imps
  A bullfrog zombie (D:8)
  7 jellies
  20 orc priests
  2 quasits
  Ijyb (D:3)
  9 hounds
  6 centaur skeletons
  An iguana (D:4)
  4 bullfrog skeletons
  21 orc wizards
  13 worker ants
  An ogre skeleton (Lab)
  2 hound zombies
  8 mummies (Ossuary)
  A worker ant zombie (D:11)
  15 gnolls
  21 adders
  A howler monkey skeleton (D:7)
  A river rat (D:11)
  3 shadow imps
  4 oozes
  2 adder zombies
  5 adder skeletons
  3 worms
  8 dart slugs
  8 leopard geckos
  80 orcs
  3 ball pythons
  15 bats
  8 giant cockroaches
  2 gnoll zombies (Ossuary)
  7 goblins
  9 hobgoblins
  13 jackals
  3 kobolds
  5 quokkas
  6 frilled lizards
  2 hobgoblin zombies (Ossuary)
  2 kobold zombies (Ossuary)
  2 orc zombies (Ossuary)
  A quokka skeleton (D:4)
  7 rats
  A fungus (Lair:6)
  A plant (Lair:6)
803 creatures vanquished.

Vanquished Creatures (collateral kills)
  A war gargoyle (D:13)
1 creature vanquished.

Vanquished Creatures (others)
  A rime drake (Lair:6)
  A yak (Lair:6)
  An ice beast (D:15)
  An orc warrior (Orc:2)
  An orc wizard (Orc:2)
  12 fungi
  9 plants
  4 withered plants (D:6)
30 creatures vanquished.

Grand Total: 834 creatures vanquished

Notes
Turn   | Place    | Note
-------+----------+-------------------------------------------
     0 | D:1      | polly the Gargoyle Fighter began the quest for the Orb.
     0 | D:1      | Reached XP level 1. HP: 14/14 MP: 1/1
   307 | D:1      | Reached XP level 2. HP: 4/19 MP: 2/2
   862 | D:1      | Reached XP level 3. HP: 21/23 MP: 3/3
  1190 | D:2      | Found a shadowy altar of Dithmenos.
  1195 | D:2      | Found a radiant altar of Vehumet.
  1203 | D:2      | Found a blossoming altar of Fedhas.
  1235 | D:2      | Reached XP level 4. HP: 26/28 MP: 4/4
  1365 | D:2      | Reached skill level 3 in Maces & Flails
  1730 | D:2      | Reached XP level 5. HP: 33/33 MP: 5/5
  2346 | D:3      | Noticed Ijyb
  2352 | D:3      | Paralysed by Ijyb for 7 turns
  2360 | D:3      | Paralysed by Ijyb for 3 turns
  2366 | D:3      | Paralysed by Ijyb for 4 turns
  2379 | D:3      | Killed Ijyb
  2379 | D:3      | Reached skill level 4 in Maces & Flails
  2524 | D:3      | Noticed polly's ghost (amateur GrFi)
  2550 | D:3      | Killed polly's ghost
  2550 | D:3      | Reached skill level 1 in Dodging
  2550 | D:3      | Reached XP level 6. HP: 9/38 MP: 6/6
  3192 | D:3      | Reached skill level 5 in Shields
  3248 | D:4      | Reached XP level 7. HP: 35/43 MP: 7/7
  3376 | D:4      | Reached skill level 5 in Maces & Flails
  3685 | D:4      | Found a sand-covered staircase.
  3695 | Ossuary  | Entered an ossuary
  4151 | D:4      | Found a staircase to the Ecumenical Temple.
  4167 | Temple   | Entered the Ecumenical Temple
  4205 | Temple   | Became a worshipper of Warmaster Okawaru
  4614 | D:5      | Entered Level 5 of the Dungeon
  4796 | D:5      | Reached XP level 8. HP: 47/48 MP: 8/8
  4841 | D:5      | Noticed a hippogriff
  4850 | D:5      | Killed a hippogriff
  4850 | D:5      | Reached skill level 6 in Maces & Flails
  4850 | D:5      | Reached skill level 5 in Armour
  5418 | D:6      | Reached * piety under Okawaru
  5512 | D:6      | Noticed Edmund
  5512 | D:6      | Found a basalt altar of Yredelemnul.
  5533 | D:6      | Reached skill level 5 in Fighting
  6156 | D:6      | Killed Edmund
  6156 | D:6      | Reached skill level 7 in Maces & Flails
  6204 | D:6      | Reached skill level 1 in Stealth
  6439 | D:6      | Reached XP level 9. HP: 39/54 MP: 9/9
  6859 | D:6      | Reached skill level 8 in Maces & Flails
  6970 | D:7      | Noticed Menkaure
  6979 | D:7      | Killed Menkaure
  6979 | D:7      | Reached ** piety under Okawaru
  7069 | D:7      | Got an ancient cloak
  7075 | D:7      | Identified the +1 cloak "Rinacw" {Str+4} (You found it on level 7 of the Dungeon)
  7343 | D:7      | Found Alose's Gadget Emporium.
  8410 | D:8      | Learned a level 3 spell: Ozocubu's Armour
  8486 | D:8      | Killed an unseen horror
  8486 | D:8      | Reached *** piety under Okawaru
  8486 | D:8      | Reached skill level 9 in Maces & Flails
  8486 | D:8      | Reached XP level 10. HP: 14/60 MP: 10/10
  9257 | D:8      | Found an iron altar of Okawaru.
  9395 | D:9      | Reached **** piety under Okawaru
  9431 | D:9      | Found a glowing silver altar of Zin.
  9457 | D:9      | Found Puqodopo's Weapon Boutique.
  9465 | D:9      | Bought a +4 morningstar of protection for 455 gold pieces
  9866 | D:9      | Reached skill level 10 in Maces & Flails
 10603 | D:10     | Entered Level 10 of the Dungeon
 10622 | D:10     | Reached XP level 11. HP: 66/66 MP: 11/11
 10669 | D:10     | Found Fioch's Gadget Boutique.
 10692 | D:10     | Found Caxadgh's Weapon Shoppe.
 10706 | D:10     | Noticed GenericOverusedName's ghost (journeyman DrTm)
 10732 | D:10     | Killed GenericOverusedName's ghost
 10732 | D:10     | Reached skill level 11 in Maces & Flails
 10732 | D:10     | Reached skill level 10 in Shields
 10741 | D:10     | Reached ***** piety under Okawaru
 10857 | D:10     | Found Pokeff's Assorted Antiques.
 10865 | D:10     | Bought a faintly glowing turquoise ring for 85 gold pieces
 10865 | D:10     | Bought a scroll labeled JUTIGI DUUGG for 17 gold pieces
 10865 | D:10     | Bought a scroll labeled KAARABA OTHROWEOPO for 17 gold pieces
 10867 | D:10     | Identified the ring "Lirch" {+Blink AC+4 Str+5} (You bought it in a shop on level 10 of the Dungeon)
 11066 | D:10     | Found a staircase to the Orcish Mines.
 11112 | D:10     | Noticed a cyan ugly thing
 11128 | D:10     | Killed a cyan ugly thing
 11382 | D:10     | Found Plog's Distillery.
 11787 | D:11     | Received a gift from Okawaru
 11820 | D:11     | Noticed a two-headed ogre
 11827 | D:11     | Killed a two-headed ogre
 11980 | D:11     | Noticed a death yak
 11983 | D:11     | Found a staircase to the Lair.
 11983 | D:11     | Noticed a death yak
 11984 | D:11     | Noticed a death yak
 11991 | D:11     | Killed a death yak
 11998 | D:11     | Killed a death yak
 11998 | D:11     | Reached skill level 12 in Maces & Flails
 12006 | D:11     | Killed a death yak
 12125 | D:11     | Noticed a four-headed hydra
 12131 | D:11     | Killed a four-headed hydra
 12133 | D:11     | Noticed a cyclops
 12142 | D:11     | Killed a cyclops
 12142 | D:11     | Reached XP level 12. HP: 60/73 MP: 12/12
 12356 | D:11     | Noticed Urug
 12376 | D:11     | Killed Urug
 12376 | D:11     | Received a gift from Okawaru
 12921 | Lair:1   | Entered Level 1 of the Lair of Beasts
 13015 | D:12     | Reached skill level 13 in Maces & Flails
 13783 | D:13     | Found a gate to the Vaults.
 13783 | D:13     | Noticed a vault guard
 13783 | D:13     | Noticed a vault guard
 13783 | D:13     | Noticed a vault guard
 13784 | D:13     | Noticed a vault guard
 14123 | D:14     | Killed a vault guard
 14134 | D:14     | Killed a vault guard
 14145 | D:14     | Killed a vault guard
 14145 | D:14     | Reached ****** piety under Okawaru
 14200 | D:14     | Killed a vault guard
 14200 | D:14     | Received a gift from Okawaru
 14400 | D:13     | Noticed a tengu warrior
 14444 | D:13     | Reached skill level 14 in Maces & Flails
 14457 | D:13     | Reached XP level 13. HP: 60/80 MP: 13/13
 14929 | D:13     | Noticed a storm dragon
 14944 | D:13     | Killed a storm dragon
 14979 | D:13     | Received a gift from Okawaru
 15391 | D:13     | Noticed a war gargoyle
 15415 | D:13     | Killed a war gargoyle
 15769 | D:13     | Found a shadowy altar of Dithmenos.
 15896 | D:13     | Reached skill level 15 in Maces & Flails
 16162 | D:14     | Got an encrusted halberd {speed}
 16214 | D:14     | Found an opulent altar of Gozag.
 16388 | D:14     | Reached skill level 10 in Fighting
 16493 | D:14     | Gained mutation: Your large and strong wings let you fly indefinitely. [Gargoyle growth]
 16493 | D:14     | Reached XP level 14. HP: 88/88 MP: 14/14
 16537 | D:14     | Received a gift from Okawaru
 16740 | D:15     | Entered Level 15 of the Dungeon
 17019 | D:15     | Found a shattered altar of Ashenzari.
 17228 | D:15     | Received a gift from Okawaru
 17267 | D:15     | Got a bloodstained demon trident {god gift}
 17573 | D:15     | Reached skill level 16 in Maces & Flails
 17662 | D:15     | Found a staircase to the Depths.
 17699 | D:15     | Received a gift from Okawaru
 18064 | Lair:1   | Identified a scroll of acquirement
 18189 | Lair:1   | Identified the Guide on Feathers
 18773 | Lair:1   | Reached skill level 10 in Armour
 18973 | Lair:2   | Noticed Harold
 19138 | Lair:2   | Noticed Fannar
 19153 | Lair:2   | Killed Fannar
 19188 | Lair:2   | Killed Harold
 19586 | Lair:2   | Reached XP level 15. HP: 92/95 MP: 15/15
 19914 | Lair:3   | Found a frozen archway.
 19949 | IceCv    | Entered an ice cave
 20244 | IceCv    | Noticed a frost giant
 20260 | IceCv    | Killed a frost giant
 20266 | IceCv    | Reached skill level 15 in Shields
 21213 | Lair:4   | Found a staircase to the Shoals.
 21257 | Lair:4   | Received a gift from Okawaru
 21350 | Lair:4   | Found a staircase to the Snake Pit.
 22088 | Lair:5   | Found a shadowy altar of Dithmenos.
 22872 | Lair:6   | Entered Level 6 of the Lair of Beasts
 22946 | Lair:6   | Reached skill level 17 in Maces & Flails
 23018 | Lair:6   | Found a staircase to the Slime Pits.
 23030 | Lair:6   | Found a labyrinth entrance.
 23039 | Lab      | Entered a labyrinth
 23145 | Lab      | Found an exit through the horrors of the Abyss.
 23513 | Lab      | Got an ancient helmet
 23526 | Lab      | Identified the +1 helmet "Maufare" {rPois SInv} (You found it in a labyrinth)
 23533 | Lab      | Got a bloodstained chain mail
 23546 | Lab      | Identified the cursed +1 chain mail of the Empire {rC++ rN+ Dex-3 Slay+3} (You found it in a labyrinth)
 23876 | Lair:6   | Learned a level 2 spell: Repel Missiles
 23980 | Lair:6   | Received a gift from Okawaru
 24021 | Lair:6   | Reached XP level 16. HP: 97/103 MP: 16/16
 24396 | Lair:6   | Noticed Nessos
 24416 | Lair:6   | Killed Nessos
 24703 | Orc:1    | Entered Level 1 of the Orcish Mines
 24703 | Orc:1    | Found Ewiagh's Book Boutique.
 24804 | Orc:1    | Found Miqahedi's Assorted Antiques.
 24879 | Orc:1    | Paralysed by an orc sorcerer for 6 turns
 24999 | Orc:1    | Found Silotie's General Store.
 25002 | Orc:1    | Noticed Josephine
 25014 | Orc:1    | Killed Josephine
 25036 | Orc:1    | Bought a +5 amulet of reflection for 576 gold pieces
 25036 | Orc:1    | Bought a scroll of enchant armour for 105 gold pieces
 25112 | Orc:1    | Found Aggaysiq's Gadget Shop.
 25136 | Orc:1    | Noticed Snorg
 25157 | Orc:1    | Killed Snorg
 25532 | Orc:2    | Entered Level 2 of the Orcish Mines
 25532 | Orc:2    | Found a staircase to the Elven Halls.
 26036 | Orc:2    | Received a gift from Okawaru
 26145 | Orc:2    | Found Vieczoge's Assorted Antiques.
 26146 | Orc:2    | Found an iron altar of Okawaru.
 26202 | Orc:2    | Paralysed by an orc sorcerer for 3 turns
 26204 | Orc:2    | Slain by an orc warrior

Vault maps used:
D:1:      minmay_arrival_split_and_join, minmay_surrounded
D:2:      grunt_temple_overflow_open, overflow_temple_1_default
D:3:      st_stairs_14, uniq_iyjb
D:4:      minmay_temple_entry_butterflies, enter_ossuary_3, kennysheep_boxes
D:5:      first_bread, grunt_decor_clamped, minmay_statues_item
D:6:      yredelemnul_altar_generic, uniq_edmund
D:7:      serial_shops, nicolae_shop_waterfront, minmay_small_thing,
          uniq_menkaure
D:8:      basic_altar, minivault_5
D:9:      zin_statuary, serial_shops, shop
D:10:     orc_0_dummy, serial_shops, shop,
          nicolae_shop_competitors_out_of_business, shop, shop
D:11:     dpeg_lair_monsters, uniq_urug
D:13:     minmay_box_of_curves, lightli_vaults_fourway_checkpoint,
          grunt_tengu_nest, grunt_dithmenos_smoke_and_mirrors
D:14:     lemuel_round_altar
D:15:     gammafunk_enter_depths_forms, ashenzari_altar_1
Temple:   lightli_temple_of_artemis
Lair:1:   gammafunk_lair_bear_cave, lemuel_fruit_fields
Lair:2:   uniq_fannar, uniq_harold
Lair:3:   portal_ice_cave_entry_ice_beasts, serial_bayou_shore_a,
          grunt_megastairs_1
Lair:4:   minmay_shoals_entry_centaurs, minmay_snake_entry_guardpost_small,
          wad_woods_road_04
Lair:5:   basic_altar
Lair:6:   grunt_lair_end_beastmaster, nicolae_slime_entry_slimehenge,
          lab_entry_generic, hangedman_lair_unloving_vines, dpeg_oklob_1,
          uniq_nessos
Orc:1:    serial_shops, shop_coins, shop, shop_statue, nicolae_shop_crystal,
          uniq_snorg, uniq_josephine
Orc:2:    st_orc_congregation, serial_shops, nicolae_shop_trees,
          okawaru_metal_pillars_1_2
Lab:      lab_block, lab_statue, labyrinth_fake_exit, nicolae_lab_statue,
          nicolae_lab_plus, nicolae_lab_starburst, nicolae_lab_lava,
          nicolae_lab_big_swirl
Ossuary:  ossuary_tomb_3
IceCv:    ice_cave_small_giant

Skill      XL: |  1  2  3  4  5  6  7  8  9 10 11 12 13 14 15 16 |
---------------+-------------------------------------------------+-----
Shields        | 4 5 6 8 9 10 11 13 14 16 | 16.9
Maces & Flails | 3 4 5 7 9 10 12 14 15 16 17 | 17.3
Armour         | 4 5 6 7 8 9 10 11 | 11.0
Fighting       | 4 5 6 7 8 10 11 12 13 | 13.1
Dodging        | 1 2 3 4 |  4.8
Stealth        | 1 |  1.3

Action                   |  1- 3 |  4- 6 |  7- 9 | 10-12 | 13-15 | 16-18 || total
-------------------------+-------+-------+-------+-------+-------+-------++-------
Melee: Flail             |   117 |   302 |   157 |       |       |       ||   576
       Morningstar       |       |       |   375 |   373 |       |       ||   748
       Unarmed           |       |       |     3 |       |       |       ||     3
       Eveningstar       |       |       |       |   370 |  1234 |   323 ||  1927
 Abil: Evoke Blink       |       |       |       |       |     1 |       ||     1
       Fly               |       |       |       |       |     3 |       ||     3
       Stop Flying       |       |       |       |       |     3 |       ||     3
Evoke: Wand              |       |       |     1 |     1 |     2 |       ||     4
  Use: Potion            |       |       |     5 |     2 |     5 |     2 ||    14
       Scroll            |       |       |     4 |    21 |    20 |       ||    45
 Stab: Paralysed         |       |       |     2 |       |       |       ||     2
       Invisible         |       |       |       |       |       |     2 ||     2
  Eat: Chunk             |       |     8 |    15 |    20 |    31 |     8 ||    82
       Royal jelly       |       |       |     1 |       |       |       ||     1
       Fruit             |       |       |     1 |     1 |     1 |       ||     3
Armor: Scale mail        |    82 |   216 |   112 |       |       |       ||   410
       Chain mail        |       |       |   194 |   301 |       |       ||   495
       Skin              |       |       |     1 |       |       |       ||     1
       Plate armour      |       |       |       |   101 |   472 |   135 ||   708
Dodge: Dodged            |    47 |   113 |   190 |   201 |   185 |    65 ||   801
Block: Shield            |    69 |   229 |   343 |   499 |    57 |       ||  1197
       Large shield      |       |       |       |       |  1160 |   400 ||  1560
       Reflection        |       |       |       |       |       |     2 ||     2
